 Dungeon Crawl Stone Soup version 0.30-b1-2-g02819fbbbe (webtiles) character file.

Game seed: 2227886055003317167

2726 magipi the Frost Mage (level 9, 0/45 HPs)
             Began as a Gargoyle Ice Elementalist on May 25, 2023.
             Was a Believer of Vehumet.
             Slain by a wight
             ... wielding a +3 flail
              (8 damage)
             ... on level 7 of the Dungeon.
             The game lasted 00:33:59 (7298 turns).

magipi the Frost Mage (Gargoyle Ice Elementalist)   Turns: 7298, Time: 00:33:59

Health: 0/45       AC:  9    Str: 11    XL:     9   Next: 67%
Magic:  19/27      EV: 11    Int: 21    God:    Vehumet [**....]
Gold:   155        SH:  0    Dex: 10    Spells: 6/20 levels left

rFire   + . .        a - +0 dagger (drain)
rCold   + . .        (no shield)
rNeg    + . .        n - +0 robe
rPois   ∞            (no helmet)
rElec   +            y - scarf {rC+ rF+}
rCorr   .            (no gloves)
SInv    .            M - +0 pair of boots
Will    .....        (no amulet)
Stlth   ++           B - ring of magical power
HPRegen 0.27/turn    (no ring)
MPRegen 0.20/turn

%: no passive effects
@: hasted, very quick
A: sickness immunity, AC +6, negative energy resistance 1, electricity
resistance, torment resistance 1, petrification resistance
a: Renounce Religion


You were on level 7 of the Dungeon.
You worshipped Vehumet.
Vehumet was pleased with you.
You visited 1 branch of the dungeon, and saw 8 of its levels.
You also visited: Sewer.

You collected 406 gold pieces.
You spent 251 gold pieces at shops.

Inventory:

Hand Weapons
 a - a +0 dagger of draining (weapon)
   (You bought it in a shop on level 1 of the Dungeon)
 J - a +2 dagger of protection
   (You took it off a kobold on level 7 of the Dungeon)
 P - a +2 whip of electrocution
   (You took it off a gnoll on level 7 of the Dungeon)
Missiles
 q - 10 boomerangs (quivered)
 O - 5 throwing nets
Armour
 n - a +0 robe (worn)
 o - a +0 cloak
   (You found it on level 2 of the Dungeon)
 x - a +0 troll leather armour {Pargi}
   (You found it in a sewer)
 y - a scarf of resistance (worn)
   (You found it in a sewer)
 M - a +0 pair of boots (worn)
   (You bought it in a shop on level 7 of the Dungeon)
Jewellery
 c - a +4 ring of protection
   (You found it on level 5 of the Dungeon)
 B - a ring of magical power (left hand)
   (You found it in a sewer)
 D - a ring of fire
   (You found it on level 5 of the Dungeon)
Wands
 t - a wand of flame (17)
   (You found it on level 4 of the Dungeon)
 w - a wand of polymorph (12)
   (You found it on level 4 of the Dungeon)
 C - a wand of iceblast (3)
   (You found it on level 4 of the Dungeon)
 I - a wand of mindburst (14)
   (You found it on level 7 of the Dungeon)
 K - a wand of charming (13)
   (You found it on level 6 of the Dungeon)
Scrolls
 d - 2 scrolls of enchant weapon {unknown}
 e - 2 scrolls of fog {unknown}
 g - a scroll of torment {unknown}
 h - 9 scrolls of identify {unknown}
 m - 2 scrolls of amnesia {unknown}
 r - a scroll of acquirement {unknown}
 s - 2 scrolls of poison {unknown}
 u - a scroll of noise {unknown}
 v - 2 scrolls of silence {unknown}
 E - a scroll of immolation {unknown}
 F - 2 scrolls of fear {unknown}
 G - 3 scrolls of teleportation
 H - 2 scrolls of magic mapping {unknown}
Potions
 b - a potion of magic
 f - 2 potions of resistance {unknown}
 i - 4 potions of mutation {unknown}
 j - 3 potions of degeneration {unknown}
 k - 3 potions of might {unknown}
 l - 4 potions of curing {unknown}
 p - 2 potions of heal wounds {unknown}
 z - a potion of berserk rage
 A - a potion of haste
 L - a potion of flight {unknown}
 N - a potion of lignification {unknown}
 Q - a potion of brilliance {unknown}


   Skills:
 - Level 1.5 Dodging
 - Level 2.1 Stealth
 - Level 6.0 Spellcasting
 + Level 2.0 Conjurations
 - Level 6.0 Summonings
 + Level 9.6 Ice Magic
 + Level 2.1 Earth Magic


You had 6 spell levels left.
You knew the following spells:

 Your Spells              Type           Power      Damage    Failure   Level
a - Freeze                Ice            100%       1d10      1%          1
f - Frozen Ramparts       Ice            92%        1d14      1%          3
o - Ozocubu's Armour      Ice            46%        N/A       1%          3
s - Summon Ice Beast      Ice/Summ       39%        N/A       4%          4
t - Stone Arrow           Conj/Erth      30%        3d8       12%         3

Your spell library contained the following spells:

 Spells                   Type           Power      Damage    Failure   Level
 Summon Guardian Golem    Hex/Summ       18%        N/A       9%          3
 Ice Form                 Ice/Tmut       26%        N/A       14%         4
 Orb of Destruction       Conj           7%         9d6       100%        7
 Spellforged Servitor     Conj/Summ      11%        N/A       100%        7


Dungeon Overview and Level Annotations

Branches:
Dungeon (8/15)              Sewer (visited)
 Temple: D:4-7         Lair: D:8-11

Altars:
Dithmenos
Elyvilon
Gozag
Kikubaaqudgha
Makhleb
Uskayaw
Vehumet
Zin

Shops:
D:1 (   D:3 =   D:7 [(

Annotations:
D:3 2 transporters, magipi's ghost, amateur GrEE


Innate Abilities, Weirdness & Mutations

You are immune to sickness and miasma.
Your stone body is resilient. (AC +6)
You are immune to poison.
You resist negative energy. (rN+)
You are resistant to electric shocks. (rElec)
You are resistant to unholy torment.
You are immune to petrification.


Message History

The wight hits your ice beast with a +4 falchion of freezing!
Your ice beast dies!
Your ice beast disappears in a puff of smoke!
The wight hits you with a +3 flail.
You climb upwards.
There is a stone staircase leading down here.
Casting: Summon Ice Beast (dangerous; 4% risk of failure)
Confirm with . or Enter, or press ? or * to list all spells.
A chill wind blows around you. The wight barely misses you.
Unknown command.
Unknown command.
Casting: Summon Ice Beast (dangerous; 4% risk of failure)
Confirm with . or Enter, or press ? or * to list all spells.
A film of ice covers your body! The wight hits you with a +3 flail!
Your ice beast hits the wight but does no damage.
Unknown command.
Unknown command.
You closely miss the wight. The wight hits you with a +3 flail.
Your ice beast barely misses the wight.
Unknown command.
You hit the wight but do no damage. The wight hits you with a +3 flail!
* * * LOW HITPOINT WARNING * * *
Your ice beast hits the wight but does no damage.
Unknown command.
Unknown command.
Unknown command.
Your icy armour will break if you move.
Continue?
Your icy armour cracks and falls away as you move.
The wight barely misses your ice beast.
Your ice beast hits the wight.
Your ice beast freezes the wight.
The wight resists.
Unknown command.
Your ice beast hits the wight but does no damage.
The wight barely misses you.
Your ice beast hits the wight.
Your ice beast freezes the wight.
The wight resists.
The wight attacks as you move away! The wight hits you with a +3 flail!
* * * LOW HITPOINT WARNING * * *
Unknown command.
Unknown command.
You feel yourself speed up. The wight hits you with a +3 flail!
You die...

.........##### .............###
≈≈≈≈≈≈≈........# ......≈≈.....#.#
..##...≈≈≈≈≈...# ###
.####......≈≈..# ##.##
##..##......≈..#####...## ###
##..##......≈..##.....>.# #.####
.#''#.......≈..#@zY.....# ##...##
.......##...≈....(#.....###......
......####..≈....#÷[....##..#....
......'..##.≈...###.........#....
......'..##.≈....###)....#......#
......####..≈...##......###......
.......##................##......
.#''#..).........##..#....##.....
##..##...........#...##..###.....


You could see a wight (ally target) and a friendly ice beast (summoned).

Vanquished Creatures
  Sigmund (D:6)
  2 water moccasins
  Duvessa (D:5)
  Pargi (Sewer)
  An orc warrior (D:7)
  An ogre (D:7)
  A wolf (D:7)
  A kobold brigand (D:7)
  3 gnoll sergeants (D:7)
  2 bullfrogs (D:7)
  A scorpion (D:6)
  Dowan (D:5)
  5 killer bees (D:8)
  An electric eel (D:7)
  2 gnoll boudas (D:7)
  3 orc priests
  11 hounds
  2 jellies
  2 sleepcaps
  3 iguanas
  2 orc wizards
  19 gnolls (D:7)
  4 adders
  A white imp (D:5)
  An ufetubus (D:5)
  5 worms
  2 dart slugs
  27 orcs
  4 endoplasms
  7 goblins
  6 hobgoblins
  9 jackals
  A quokka (D:3)
  6 ball pythons
  10 bats
  4 frilled lizards
  12 kobolds
  4 rats
169 creatures vanquished.

Vanquished Creatures (collateral kills)
  A kobold brigand (D:7)
  A gnoll (D:7)
  2 kobolds (D:7)
4 creatures vanquished.

Vanquished Creatures (others)
  8 plants (D:6)
8 creatures vanquished.

Grand Total: 181 creatures vanquished

Notes
Turn   | Place    | Note
-------+----------+-------------------------------------------
     0 | D:1      | magipi the Gargoyle Ice Elementalist began the quest for
                  | the Orb.
     0 | D:1      | Reached XP level 1. HP: 10/10 MP: 3/3
    20 | D:1      | Found Puivupsi's Antique Weapon Boutique.
   271 | D:1      | Reached XP level 2. HP: 13/15 MP: 1/5
   523 | D:1      | Found a faded altar of an unknown god.
   871 | D:2      | Reached XP level 3. HP: 15/19 MP: 3/6
  1753 | D:2      | Learned a level 3 spell: Frozen Ramparts
  1870 | D:3      | Found a transporter.
  1873 | D:3      | Noticed magipi's ghost (amateur GrEE)
  1905 | D:3      | Reached XP level 4. HP: 13/24 MP: 2/8
  1912 | D:3      | Reached skill level 5 in Ice Magic
  1995 | D:3      | Found Gufyrgh's Jewellery Boutique.
  2051 | D:3      | Found a transporter.
  2103 | D:3      | Learned a level 3 spell: Ozocubu's Armour
  2447 | D:1      | Bought a glowing dagger for 125 gold pieces
  2637 | D:4      | Reached XP level 5. HP: 28/28 MP: 4/10
  2748 | D:4      | Found an opulent altar of Gozag.
  2749 | D:4      | Found a radiant altar of Vehumet.
  2749 | D:4      | Found a shadowy altar of Dithmenos.
  2749 | D:4      | Found a white marble altar of Elyvilon.
  2758 | D:4      | Became a worshipper of Vehumet
  2919 | D:4      | Found a glowing drain.
  2943 | Sewer    | Entered a sewer
  3008 | Sewer    | Noticed Pargi
  3022 | Sewer    | Killed Pargi
  3023 | Sewer    | Reached XP level 6. HP: 20/32 MP: 5/12
  3342 | D:5      | Entered Level 5 of the Dungeon
  3342 | D:5      | Noticed a water moccasin
  3351 | D:5      | Killed a water moccasin
  3352 | D:5      | Reached skill level 6 in Ice Magic
  3418 | D:5      | Reached XP level 7. HP: 35/36 MP: 14/14
  3503 | D:5      | Reached skill level 5 in Spellcasting
  3625 | D:5      | Reached * piety under Vehumet
  3625 | D:5      | Offered knowledge of Sandblast by Vehumet.
  3725 | D:5      | Learned a level 4 spell: Summon Ice Beast
  3922 | D:5      | Noticed a nameless horror
  4317 | D:5      | Found a glowing silver altar of Zin.
  4317 | D:5      | Found a burning altar of Makhleb.
  4318 | D:5      | Noticed a green death
  4318 | D:5      | Noticed an angel
  4399 | D:5      | Noticed Duvessa
  4419 | D:5      | Killed Duvessa
  4420 | D:5      | Reached skill level 1 in Summonings
  4431 | D:5      | Noticed Dowan
  4453 | D:5      | Killed Dowan
  5494 | D:6      | Noticed Sigmund
  5500 | D:6      | Killed Sigmund
  5501 | D:6      | Reached skill level 7 in Ice Magic
  5501 | D:6      | Reached XP level 8. HP: 35/41 MP: 16/16
  5783 | D:7      | Found a hide-covered altar of Uskayaw.
  5887 | D:7      | Found an ancient bone altar of Kikubaaqudgha.
  5935 | D:7      | Found Dynito's Antique Weapon Shop.
  6282 | D:7      | Reached skill level 5 in Summonings
  6284 | D:7      | Reached ** piety under Vehumet
  6284 | D:7      | Offered knowledge of Static Discharge by Vehumet.
  6285 | D:7      | Reached skill level 8 in Ice Magic
  6285 | D:7      | Reached XP level 9. HP: 22/45 MP: 18/18
  6446 | D:7      | Found Luffopyi's Antique Armour Boutique.
  6505 | D:7      | Bought a pair of boots for 126 gold pieces
  6726 | D:7      | Reached skill level 9 in Ice Magic
  6928 | D:7      | Offered knowledge of Stone Arrow by Vehumet.
  6933 | D:7      | Learned a level 3 spell: Stone Arrow
  7006 | D:7      | Reached skill level 1 in Conjurations
  7006 | D:7      | Reached skill level 1 in Earth Magic
  7298 | D:7      | Slain by a wight

Illustrated notes

Levels and vault maps discovered:
D:1:      tarquinn_simple_flora_water_e, layout_basic, serial_shops, shop,
          hellmonk_ecumenical_altar_zigzags
D:2:      layout_basic
D:3:      layout_loops_cross, serial_shops, nicolae_shop_trees,
          gammafunk_ghost_stat_death, dk_noncrumbling_3,
          kennysheep_decorative_pillar
D:4:      layout_rooms, chequers_temple_overflow_statue_of_worship,
          cheibrodos_sewer_entry_bend, nrook_loot_triangle
D:5:      minmay_bubble_buster, layout_basic,
          grunt_temple_overflow_order_and_chaos_2, nemelex_dance_club_becter,
          uniq_duvessa
D:6:      layout_basic, minmay_temple_entry_enclosed_plants, uniq_sigmund
D:7:      layout_cave_pools, mainiacjoe_overflow_large_starburst, serial_shops,
          nicolae_shop_advertising_works [nicolae_subvault_shop_adworks],
          nicolae_shop_stone, serial_gnoll_camp, gnoll_camp_huts_moat,
          gnoll_camp_mini_hut, gnoll_camp_mini_house, gnoll_camp_mini_doghouse,
          minmay_misc_feat_columns, st_stairs_5
D:8:      layout_basic, uniq_grum

Skill      XL: |  1  2  3  4  5  6  7  8  9 |
---------------+----------------------------+-----
Spellcasting   | 3 4 5 6 |  6.0
Ice Magic      | 5 6 7 8 9 |  9.6
Summonings     | 3 5 6 |  6.0
Conjurations   | 2 |  2.0
Earth Magic    | 2 |  2.1
Dodging        | |  1.5
Stealth        | |  2.1

Action                     |  1- 3 |  4- 6 |  7- 9 || total
---------------------------+-------+-------+-------++-------
  Melee: Unarmed           |    14 |       |       ||    14
         Dagger            |     5 |    40 |    80 ||   125
         Punch             |       |       |     1 ||     1
  Throw: Boomerang         |       |       |    15 ||    15
   Cast: Freeze            |    68 |    52 |    80 ||   200
         Frozen Ramparts   |       |     7 |    26 ||    33
         Summon Ice Beast  |       |       |     4 ||     4
         Ozocubu's Armour  |       |       |     5 ||     5
  Evoke: Wand              |       |       |     6 ||     6
    Use: Scroll            |       |       |     1 ||     1
         Potion            |       |       |     1 ||     1
   Stab: Sleeping          |     6 |     2 |     2 ||    10
 Armour: Robe              |    23 |    54 |    73 ||   150
  Dodge: Dodged            |    46 |    64 |   107 ||   217

Action                     |  1- 3 |  4- 6 |  7- 9 || total
---------------------------+-------+-------+-------++-------
  Melee: Unarmed           |    14 |       |       ||    14
         Dagger            |     5 |    40 |    80 ||   125
         Punch             |       |       |     1 ||     1
  Throw: Boomerang         |       |       |    15 ||    15
   Cast: Freeze            |    68 |    52 |    80 ||   200
         Frozen Ramparts   |       |     7 |    26 ||    33
         Summon Ice Beast  |       |       |     4 ||     4
         Ozocubu's Armour  |       |       |     5 ||     5
  Evoke: Wand              |       |       |     6 ||     6
    Use: Scroll            |       |       |     1 ||     1
         Potion            |       |       |     1 ||     1
   Stab: Sleeping          |     6 |     2 |     2 ||    10
 Armour: Robe              |    23 |    54 |    73 ||   150
  Dodge: Dodged            |    46 |    64 |   107 ||   217
